 Dungeon Crawl Stone Soup version 0.26-a0-652-gafc20e3620 (webtiles) character file.

Game seed: 10092671644489375399

791 DoubleLucky the Grave Robber (level 7, -3/46 HPs)
             Began as a Vampire Necromancer on Oct 4, 2020.
             Slain by a hornet (13 damage)
             ... while paralysed by a hornet
             ... on level 5 of the Dungeon.
             The game lasted 00:22:44 (5955 turns).

DoubleLucky the Grave Robber (Vampire Necromancer)  Turns: 5955, Time: 00:22:45

Health: -3/46      AC: 11    Str:  7    XL:     7   Next: 57%
Magic:  12/15      EV:  2    Int: 20    God:
Gold:   326        SH:  0    Dex: 14    Spells: 8/17 levels left

rFire    . . .     SeeInvis +   e - +2 dagger (venom)
rCold    . . .     Faith    .   (no shield)
rNeg     . . .     Spirit   .   d - quicksilver dragon scales
rPois    .         Reflect  +   w - +0 helmet
rElec    .         Harm     .   A - +0 cloak
rCorr    .         Rampage  .   (no gloves)
MR       +....                  (no boots)
Stlth    ++........             B - amulet of reflection
HPRegen  0.35/turn              (no ring)
MPRegen  0.14/turn              (no ring)

@: paralysed, lethally poisoned (-3 -> -6), regenerating quickly, slowed
A: fangs 3, see invisible, unbreathing
a: Exsanguinate


You were on level 5 of the Dungeon.
You visited 1 branch of the dungeon, and saw 5 of its levels.

You collected 326 gold pieces.

Inventory:

Hand Weapons
 b - a +0 dagger
 e - a +2 dagger of venom (weapon)
Missiles
 c - 103 stones
 C - 31 poisoned darts (quivered)
Armour
 a - a +0 robe
 d - quicksilver dragon scales (worn)
 s - a +0 robe
 w - a +0 helmet (worn)
 A - a +0 cloak (worn)
Jewellery
 y - an uncursed ring of flight {unknown}
 B - an amulet of reflection (around neck)
Wands
 q - a wand of flame (23)
 x - a wand of iceblast (12)
Scrolls
 h - a scroll of enchant weapon {unknown}
 i - 2 scrolls of remove curse
 k - a scroll of random uselessness {unknown}
 l - 8 scrolls of teleportation {unknown}
 n - a scroll of fog {unknown}
 u - a scroll of blinking {unknown}
 v - 2 scrolls of amnesia
 z - a scroll of immolation {unknown}
Potions
 f - 2 potions of lignification
 g - a potion of haste
 j - a potion of flight
 m - a potion of brilliance {unknown}
 o - 2 potions of heal wounds
 p - a potion of berserk rage
 t - 2 potions of curing


   Skills:
 - Level 2.1 Dodging
 - Level 3.0 Stealth
 + Level 5.8 Spellcasting
 + Level 7.9 Necromancy


You had 8 spell levels left.
You knew the following spells:

 Your Spells              Type           Power        Failure   Level
a - Pain                  Necr           ####         1%          1
b - Animate Skeleton      Necr           #####.       1%          1
c - Vampiric Draining     Necr           #####.....   4%          3
d - Animate Dead          Necr           #####.....   14%         4

Your spell library contained the following spells:

 Spells                   Type           Power        Failure   Level
 Beastly Appendage        Tmut           #.....       36%         1
 Agony                    Necr           #####...     36%         5
 Wereblood                Tmut           #.......     50%         2
 Spider Form              Tmut/Pois      #.........   75%         3
 Ice Form                 Ice/Tmut       #.......     98%         4
 Blade Hands              Tmut           #.........   100%        5


Dungeon Overview and Level Annotations

Branches:
Dungeon (5/15)
 Temple: D:4-7

Altars:

Shops:
D:4 :

Annotations:
D:3 2 exclusions
D:5 1 exclusion


Innate Abilities, Weirdness & Mutations

Your natural rate of healing is unusually fast.
You have razor-sharp teeth.
You have supernaturally acute eyesight. (SInv)
You can survive without breathing.


Message History

Casting: Pain (safe; 1% risk of failure)
Confirm with . or Enter, or press ? or * to list all spells.
Aiming: Pain (safe; 1% risk of failure)
Press: ? - help, Shift-Dir - straight line, f/p - hornet
Aim: a hornet (lightly wounded, chance to defeat MR: 78%)
The hornet barely resists.
The hornet completely misses you.
The hornet stings you but does no damage.
Casting: Pain (safe; 1% risk of failure)
Confirm with . or Enter, or press ? or * to list all spells.
Aiming: Pain (safe; 1% risk of failure)
Press: ? - help, Shift-Dir - straight line, f/p - hornet
Aim: a hornet (lightly wounded, chance to defeat MR: 78%)
The hornet writhes in agony.
The hornet stings you.
You are poisoned.
You feel as though you will be slow longer.
The hornet stings you!
* * * LOW HITPOINT WARNING * * *
You suddenly lose the ability to move!
You feel sick. The hornet stings you!
You die...

# ### #.. #### #.# #
...# #.# '# ##.# #.# ...
#.# #.### .... ##.#
#.#.## .....
##.#######....####...)..
................@y5.....
##.####........###......
...# #..###.#.# .....
#### #..# #.#.# .... #
#..# ..#.# ... #
#..#.#.#.# +# #
#..#.#.#.# # #... ..# #
#...


You could see a hornet and a white imp.

Vanquished Creatures
  An ice beast (D:4)
  An ogre (D:5)
  2 scorpions (D:4)
  2 howler monkeys (D:4)
  3 hounds (D:4)
  An orc priest (D:2)
  5 orc wizards
  2 worker ants (D:4)
  3 adders
  An ooze (D:4)
  An adder skeleton (D:4)
  3 worms
  3 dart slugs
  3 leopard geckos
  8 orcs
  A ball python (D:3)
  5 giant cockroaches
  6 goblins
  5 hobgoblins
  2 jackals (D:3)
  9 kobolds
  3 quokkas
  5 bats
  3 frilled lizards
  11 rats
89 creatures vanquished.

Vanquished Creatures (others)
  A plant (D:3)
1 creature vanquished.

Grand Total: 90 creatures vanquished

Notes
Turn   | Place    | Note
-------+----------+-------------------------------------------
     0 | D:1      | DoubleLucky the Vampire Necromancer began the quest for the
                  | Orb.
     0 | D:1      | Reached XP level 1. HP: 13/13 MP: 3/3
     2 | D:1      | Learned a level 1 spell: Animate Skeleton
   231 | D:1      | Reached XP level 2. HP: 18/19 MP: 0/5
  1053 | D:2      | Reached XP level 3. HP: 13/24 MP: 1/7
  1145 | D:2      | Reached skill level 5 in Necromancy
  2055 | D:2      | Reached XP level 4. HP: 29/30 MP: 4/8
  2258 | D:3      | Noticed an orc warrior
  2276 | D:2      | Learned a level 3 spell: Vampiric Draining
  2707 | D:3      | Reached XP level 5. HP: 35/35 MP: 8/10
  2840 | D:3      | Reached skill level 6 in Necromancy
  3640 | D:4      | Noticed an ice beast
  3671 | D:4      | Found Oweutauh's Book Shop.
  4003 | D:4      | Reached XP level 6. HP: 21/41 MP: 8/12
  4438 | D:4      | Reached skill level 7 in Necromancy
  4571 | D:4      | Reached skill level 5 in Spellcasting
  4714 | D:4      | Reached XP level 7. HP: 44/46 MP: 10/14
  5002 | D:4      | Learned a level 4 spell: Animate Dead
  5476 | D:5      | Entered Level 5 of the Dungeon
  5946 | D:5      | Noticed a hornet
  5954 | D:5      | Paralysed by a hornet for 2 turns
  5955 | D:5      | Slain by a hornet

Illustrated notes

Levels and vault maps discovered:
D:1:      saegor_arrival_simple_c, layout_rooms, kennysheep_another_room
D:2:      layout_basic
D:3:      minmay_goblin_kobold_castle, layout_basic, serial_forest,
          infiniplex_forest_straight_5, infiniplex_forest_end_2,
          infiniplex_forest_lined_1, infiniplex_forest_straight_1,
          infiniplex_forest_end_1, infiniplex_forest_lined_2,
          infiniplex_forest_lined_room_2, infiniplex_forest_lined_2
D:4:      layout_loops_corners, serial_shops, shop
D:5:      layout_loops_corners

Skill      XL: |  1  2  3  4  5  6 |
---------------+-------------------+-----
Necromancy     | 5 6 7 |  7.9
Spellcasting   | 3 4 5 |  5.8
Dodging        | |  2.1
Stealth        | |  3.0

Action                   |  1- 3 |  4- 6 |  7- 9 || total
-------------------------+-------+-------+-------++-------
Melee: Dagger            |     7 |    24 |    10 ||    41
       Bite              |     1 |       |     1 ||     2
Throw: Stone             |     3 |     2 |     1 ||     6
 Cast: Pain              |    88 |   101 |    28 ||   217
       Animate Skeleton  |       |     2 |       ||     2
       Vampiric Draining |       |     1 |       ||     1
  Use: Scroll            |       |     3 |     6 ||     9
Armor: Robe              |     9 |     9 |       ||    18
       Quicksilver drago |       |       |     5 ||     5
Dodge: Dodged            |    22 |    32 |     9 ||    63

Table legend: (Time is in decaauts)
 A = Elapsed time spent in this place.
 B = Non-inter-level travel time spent in this place.
 C = Inter-level travel time spent in this place.
 D = Time resting spent in this place.
 E = Time spent auto-exploring this place.
 F = Levels seen in this place.
 G = Mean time per level.
                   A        B        C        D        E       F      G
               +--------+--------+--------+--------+--------+-----+--------+
         Total |   5968 |   5828 |    140 |    702 |   3485 |   5 | 1193.6 |
       Dungeon |   5968 |   5828 |    140 |    702 |   3485 |   5 | 1193.6 |
               +--------+--------+--------+--------+--------+-----+--------+

Top non-repeatable levels by time:
     D:4: 1687 daAuts
     D:2: 1569 daAuts
     D:3: 1442 daAuts
     D:1: 786 daAuts
     D:5: 481 daAuts
